 Dungeon Crawl Stone Soup version 0.20.0-10-g0535bb4 (webtiles) character file.

88 MTVSty1e the Stinger (level 4, 0/33 HPs)
             Began as a Formicid Venom Mage on June 3, 2017.
             Slain by a water moccasin zombie (7 damage)
             ... on level 2 of the Dungeon.
             The game lasted 00:06:59 (2417 turns).

MTVSty1e the Stinger (Formicid Venom Mage)          Turns: 2417, Time: 00:07:00

Health: 0/33       AC:  6    Str: 14    XL:     4   Next: 81%
Magic:  7/7        EV: 11    Int: 14    God:
Gold:   123        SH:  0    Dex: 11    Spells: 6/7 levels left

rFire    + . .     SeeInvis +   o - +0 hand axe
rCold    + . .     Gourm    .   (no shield)
rNeg     . . .     Faith    .   r - +0 ring mail
rPois    +         Spirit   .   (helmet unavailable)
rElec    +         Reflect  .   i - +0 cloak (curse)
rCorr    +         Harm     .   (no gloves)
MR       .....                  (no boots)
Stlth    +.........             (no amulet)
Regen    0.2/turn               d - ring of resist corrosion
MPRegen  0.1/turn               (no ring)

@: resistant
A: permanent stasis, dig shafts and tunnels, four strong arms, antennae 3
a: Dig, Shaft Self


You were on level 2 of the Dungeon.
You were not hungry.

You visited 1 branch of the dungeon, and saw 2 of its levels.

You collected 123 gold pieces.

Inventory:

Hand Weapons
 e - a +0 club
 o - a +0 hand axe (weapon)
Armour
 i - a cursed +0 cloak (worn)
 r - a +0 ring mail (worn)
Jewellery
 d - a ring of resist corrosion (left hand)
Scrolls
 a - a scroll of blinking {unknown}
 g - a scroll of remove curse {unknown}
 h - 3 scrolls of teleportation {unknown}
 l - a scroll of fog {unknown}
 q - a scroll of identify {unknown}
Potions
 f - a potion of lignification {unknown}
 j - a potion of resistance
 k - a potion of berserk rage {unknown}
 m - a potion of curing {unknown}
 n - a potion of degeneration {unknown}
 s - a potion of mutation {unknown}
 t - a potion of flight {unknown}
Books
 b - a Young Poisoner's Handbook

   Spells                             Type                      Level
   a - Sting                          Conjuration/Poison           1
   b - Poisonous Vapours              Poison/Air                   2
   c - Mephitic Cloud                 Conjuration/Poison/Air       3
   d - Olgreb's Toxic Radiance        Poison                       4
   e - Venom Bolt                     Conjuration/Poison           5
Comestibles
 c - 4 bread rations
 p - 2 meat rations


   Skills:
 + Level 2.0 Fighting
 * Level 2.0 Axes
 - Level 1.7 Dodging
 - Level 2.4 Stealth
 - Level 2.4 Unarmed Combat
 - Level 2.1 Spellcasting
 - Level 0.8 Conjurations
 - Level 4.0 Poison Magic


You had 6 spell levels left.
You knew the following spells:

 Your Spells              Type           Power        Failure   Level  Hunger
a - Sting                 Conj/Pois      #...         19%         1    #......


Dungeon Overview and Level Annotations

Branches:
Dungeon (2/15)

Altars:


Innate Abilities, Weirdness & Mutations

You cannot be hasted, slowed, berserked, paralysed or teleported.
You can dig through walls and to a lower floor.
Your four strong arms can wield two-handed weapons with a shield.
You have a pair of large antennae on your head. (SInv)


Message History

* * * LOW HITPOINT WARNING * * *
It was a potion of resistance.
You feel protected.
The water moccasin zombie closely misses you.
You hit the water moccasin zombie.
The water moccasin zombie is severely damaged.
The water moccasin zombie closely misses you.
The water moccasin zombie barely misses you.
You hit the water moccasin zombie.
The water moccasin zombie is almost destroyed.
The water moccasin zombie closely misses you.
You hit the water moccasin zombie but do no damage.
The water moccasin zombie is almost destroyed.
The water moccasin zombie bites you but does no damage.
The water moccasin zombie bites you.
* * * LOW HITPOINT WARNING * * *
You hit the water moccasin zombie but do no damage.
The water moccasin zombie is almost destroyed.
The water moccasin zombie bites you!
You die...

#......###.#.#.#### ##
#.................. ..
#......##.......... #
#......####..#..##
#...............# #######
#........................
####.......)....###<.....
##..#####..............
#....Z@.......#...#####
#...##.##.....#.....#..
'................#.....#..
#.##.............. #.....
# #...##....#.# #..#.#
#............ ###...
#..###....#.# #...# ...
#....#.# #...# ..####


You could see a water moccasin zombie.

Vanquished Creatures
  3 adders (D:2)
  2 worms (D:2)
  2 dart slugs
  A leopard gecko (D:1)
  3 bats
  2 giant cockroaches (D:1)
  9 goblins
  5 hobgoblins
  4 jackals (D:1)
  A quokka (D:2)
  4 frilled lizards
  7 kobolds
  6 rats
49 creatures vanquished.

Notes
Turn   | Place    | Note
-------+----------+-------------------------------------------
     0 | D:1      | MTVSty1e the Formicid Venom Mage began the quest for the Orb.
     0 | D:1      | Reached XP level 1. HP: 13/13 MP: 3/3
    83 | D:1      | Reached skill level 1 in Fighting
    83 | D:1      | Reached XP level 2. HP: 15/21 MP: 0/5
   137 | D:1      | Reached skill level 1 in Unarmed Combat
   664 | D:1      | Reached XP level 3. HP: 26/26 MP: 2/6
  1422 | D:2      | Reached XP level 4. HP: 19/33 MP: 3/7
  1714 | D:2      | Reached skill level 1 in Axes
  2417 | D:2      | Slain by a water moccasin zombie

Skill      XL: |  1  2  3  4 |
---------------+-------------+-----
Fighting       | 1 2 |  2.0
Unarmed Combat | 1 2 |  2.4
Axes           | 2 |  2.0
Dodging        | |  1.7
Stealth        | |  2.4
Spellcasting   | |  2.1
Conjurations   | |  0.8
Poison Magic   | |  4.0

Action                   |  1- 3 |  4- 6 || total
-------------------------+-------+-------++-------
Melee: Unarmed           |    47 |       ||    47
       Hand axe          |     4 |    68 ||    72
       Punch             |       |     1 ||     1
 Cast: Sting             |    54 |    21 ||    75
  Use: Potion            |       |     1 ||     1
  Eat: Royal jelly       |     2 |       ||     2
       Meat ration       |       |     1 ||     1
Armor: Robe              |    17 |       ||    17
       Ring mail         |     3 |    24 ||    27
Dodge: Dodged            |    48 |    39 ||    87
